 Dungeon Crawl Stone Soup version 0.24.1-5-g77f818bfca (webtiles) character file.

Game seed: 14331579147298853462, levelgen mode: deterministic

46158 nightchill the Severer (level 14, -6/178 HPs)
             Began as a Vampire Berserker on Apr 24, 2020.
             Was an Elder of Trog.
             Killed from afar by an orc sorcerer (35 damage)
             ... with a bolt of fire
             ... on level 1 of the Orcish Mines.
             The game lasted 01:22:11 (23766 turns).

nightchill the Severer (Vampire Berserker)         Turns: 23766, Time: 01:22:11

Health: -6/178     AC:  9    Str: 25    XL:     14   Next: 3%
Magic:  14/14      EV: 10    Int: 11    God:    Trog [****..]
Gold:   1474       SH:  0    Dex: 13    Spells: 13/13 levels left

rFire    . . .     SeeInvis +   b - +4 war axe "Riyx Kuojeis" {flame, +Fly rPois rC+}
rCold    + . .     Gourm    .   (no shield)
rNeg     . . .     Faith    +   l - +0 scale mail
rPois    +         Spirit   .   (no helmet)
rElec    .         Reflect  .   E - +0 cloak
rCorr    +         Harm     .   y - +0 pair of gloves
MR       ++++.                  w - +0 pair of boots
Stlth    ..........             a - amulet of faith
HPRegen  1.59/turn              o - ring of protection from magic
MPRegen  0.14/turn              z - ring of resist corrosion

@: berserking, regenerating, lightly drained, very quick
A: no food, fangs 3, see invisible, unbreathing
a: Exsanguinate, Berserk, Trog's Hand, Brothers in Arms, Renounce Religion,
Evoke Flight


You were on level 1 of the Orcish Mines.
You worshipped Trog.
Trog was greatly pleased with you.
You were alive.

You visited 3 branches of the dungeon, and saw 18 of its levels.
You also visited: Sewer.

You collected 1474 gold pieces.

Inventory:

Hand Weapons
 b - the +4 war axe "Riyx Kuojeis" (weapon) {flame, +Fly rPois rC+}
   (You found it on level 10 of the Dungeon)

   It has been specially enchanted to burn those struck by it, causing extra
   injury to most foes and up to half again as much damage against particularly
   susceptible opponents.
   Big, fiery blades are also staple armaments of hydra-hunters.
   It protects you from cold.
   It protects you from poison.
   It lets you fly.
 F - a +0 war axe
Missiles
 c - 3 throwing nets
 f - 6 javelins
 g - 20 curare-tipped darts
 p - 4 silver javelins
 K - 18 poisoned darts
 L - 6 datura-tipped darts
 P - 11 boomerangs (quivered)
 X - 4 atropa-tipped darts
Armour
 l - a +0 scale mail (worn)
 w - a +0 pair of boots (worn)
 y - a +0 pair of gloves (worn)
 E - a +0 cloak (worn)
 O - a +0 buckler
Jewellery
 a - an amulet of faith (around neck)
 o - a ring of protection from magic (left hand)
 z - a ring of resist corrosion (right hand)
Wands
 G - a wand of acid (26)
 H - a wand of flame (18)
 J - a wand of iceblast (10)
 N - a wand of paralysis (25)
 Q - a wand of polymorph (8)
 W - a wand of random effects (17)
Scrolls
 i - 7 scrolls of magic mapping
 j - 5 scrolls of enchant armour {unknown}
 k - 5 scrolls of remove curse
 m - a scroll of blinking
 q - 4 scrolls of enchant weapon
 s - 2 scrolls of torment {unknown}
 v - 11 scrolls of teleportation {unknown}
 x - a scroll of amnesia {unknown}
 M - 2 scrolls of summoning {unknown}
 R - 3 scrolls of immolation {unknown}
 T - 2 scrolls of fog
 U - a scroll of random uselessness {unknown}
 V - a scroll of fear {unknown}
Potions
 d - a potion of heal wounds
 e - 3 potions of lignification
 h - a potion of invisibility
 n - 5 potions of curing
 r - 2 potions of brilliance
 u - 2 potions of berserk rage
 A - a potion of agility
 B - 6 potions of haste
 C - 2 potions of might
 I - a potion of magic
 S - 4 potions of cancellation


   Skills:
 + Level 13.9(13.4) Fighting
 * Level 15.3(14.9) Axes
 - Level 6.4(6.0) Throwing
 - Level 1.5(1.2) Armour
 - Level 2.1(1.8) Dodging
 - Level 4.1(3.8) Shields


You had 13 spell levels left.
You didn't know any spells.
Your spell library was empty.

Dungeon Overview and Level Annotations

Branches:
Dungeon (11/15)            Temple (0/1) D:6            Lair (6/6) D:11
 Shoals (0/4) Lair:4       Spider (0/4) Lair:2        Slime (0/5) Lair:5
    Orc (1/2) D:11          Sewer (visited)

Altars:
Dithmenos
Fedhas
Hepliaklqana
Kikubaaqudgha
Trog
Wu Jian

Shops:
D:9 **   D:11 [   Orc:1 [

Annotations:
D:3 exclusion: 2 downstairs
D:9 exclusion: downstairs
Lair:2 1 runed translucent door, exclusions: downstairs and orange crystal statue, Nebesus's ghost, journeyman DEGl
Lair:5 2 runed translucent doors, exclusion: downstairs, Ribudoz's ghost, journeyman GnFi


Innate Abilities, Weirdness & Mutations

You do not eat.
Your natural rate of healing is unusually fast.
You have razor-sharp teeth.
You have supernaturally acute eyesight. (SInv)
You can survive without breathing.


Message History

Trog appreciates your killing of a magic user.
You slash the chaos spawn! You burn the chaos spawn.
You kill the chaos spawn!
The chaos spawn degenerates into a cloud of primal chaos!
The orc sorcerer hits you but does no damage.
The smoke demon hits you.
* * * LOW HITPOINT WARNING * * *
The smoke demon hits you but does no damage. x2
You slash the orc sorcerer! You burn the orc sorcerer!
The orc sorcerer is almost dead.
You barely miss the smoke demon. You slice the orc warrior!!
You burn the orc warrior!
You feel the power of Trog in you as your rage grows.
You kill the orc warrior!
Trog accepts your kill. The smoke demon barely misses you. x2
The smoke demon hits you but does no damage.
The orc sorcerer gestures at you while chanting.
The bolt of fire hits you!!
You die...

............#...#
................#..
......>.....)...#..
....$..............
..........)..#......#
.........<........#.##
.................#...#
........))....#...#.#
..........)@3..#....##
..........§o.........#
....................#
...........o..#....#
..........T........#
..........#........##
......##...#........#
.......#...#..#.....#
.............##.#...#


You could see a troll, a smoke demon, an orc sorcerer and an orc.

Vanquished Creatures
  An ettin (D:11)
  6 hydras
  2 two-headed ogres
  Urug (D:11)
  Sonja (Lair:2)
  Pikel (D:5)
  4 oklob plants (Lair:3)
  A manticore (D:11)
  2 ugly things (D:11)
  8 elephants
  A merfolk siren (Lair:4)
  5 black mambas
  A molten gargoyle (Lair:6)
  11 spiny frogs
  A kobold demonologist (D:11)
  10 komodo dragons
  A jumping spider (Lair:2)
  A troll (D:7)
  Prince Ribbit (D:5)
  4 blink frogs (Lair:3)
  6 slime creatures (D:11)
  8 hippogriffs
  A shadow (D:6)
  Sigmund (D:5)
  A spriggan (D:10)
  3 wyverns
  A fire elemental (Lair:1)
  2 basilisks
  18 yaks
  2 hungry ghosts
  Menkaure (D:5)
  2 steam dragons
  A warg (D:11)
  15 water moccasins
  6 porcupines
  3 ice beasts
  Purgy (Sewer)
  4 phantoms
  3 ogres
  12 orc warriors
  A necrophage (D:10)
  5 centaurs
  5 wolves (Lair:3)
  10 crocodiles
  3 big kobolds
  15 bullfrogs
  A gnoll sergeant (D:5)
  5 scorpions
  12 killer bees
  8 wights
  A howler monkey (D:7)
  6 crimson imps
  10 hounds
  5 lava snakes
  3 bullfrog zombies
  2 jellies (Lair:5)
  8 orc priests
  15 orc wizards
  Terence (D:3)
  11 worker ants
  3 iguanas
  4 hound skeletons
  2 worker ant zombies (D:6)
  19 adders
  9 gnolls
  2 shadow imps
  4 oozes (Lair:5)
  3 adder skeletons
  7 worms
  4 dart slugs
  9 leopard geckos
  63 orcs
  3 ball pythons
  9 giant cockroaches
  13 goblins
  11 hobgoblins
  20 jackals
  7 quokkas
  A ball python zombie (D:5)
  12 bats
  2 frilled lizards (D:2)
  A jackal skeleton (D:4)
  A jackal zombie (D:7)
  21 kobolds
  8 rats
  A fire vortex (Lair:1)
  5 fungi
  8 plants
533 creatures vanquished.

Vanquished Creatures (collateral kills)
  2 kobold demonologists (D:11)
  2 crocodiles (Lair:1)
  A hound (D:11)
  A kobold (D:11)
6 creatures vanquished.

Vanquished Creatures (others)
  An orc (Orc:1)
  3 fungi (Lair:6)
  2 plants
6 creatures vanquished.

Grand Total: 545 creatures vanquished

Notes
Turn   | Place    | Note
-------+----------+-------------------------------------------
     0 | D:1      | nightchill the Vampire Berserker began the quest for the
                  | Orb.
     0 | D:1      | Reached XP level 1. HP: 17/17 MP: 1/1
   147 | D:1      | Reached skill level 3 in Axes
   172 | D:1      | Reached XP level 2. HP: 23/23 MP: 2/2
   345 | D:1      | Reached XP level 3. HP: 26/29 MP: 3/3
   586 | D:1      | Reached ** piety under Trog
   709 | D:2      | Reached skill level 4 in Axes
   709 | D:2      | Reached XP level 4. HP: 35/35 MP: 4/4
   811 | D:2      | Found a shadowy altar of Dithmenos.
  1195 | D:2      | Reached XP level 5. HP: 36/42 MP: 5/5
  1669 | D:2      | Found a hazy altar of Hepliaklqana.
  1792 | D:2      | Reached *** piety under Trog
  1869 | D:3      | Found a glowing drain.
  1922 | Sewer    | Entered a sewer
  1975 | Sewer    | Noticed Purgy
  1980 | Sewer    | Killed Purgy
  1980 | Sewer    | Reached skill level 5 in Axes
  1980 | Sewer    | Reached skill level 1 in Throwing
  1980 | Sewer    | Reached XP level 6. HP: 48/48 MP: 6/6
  2262 | D:3      | Found a faded altar of an unknown god.
  2914 | D:3      | Noticed Terence
  2925 | D:3      | Killed Terence
  3389 | D:4      | Noticed a yak
  3389 | D:4      | Noticed a yak
  3390 | D:4      | Noticed a yak
  3390 | D:4      | Noticed a yak
  3450 | D:3      | Reached XP level 7. HP: 54/55 MP: 7/7
  3654 | D:4      | Noticed a yak
  3690 | D:4      | Noticed a yak
  3730 | D:3      | Killed a yak
  3730 | D:3      | Reached skill level 6 in Axes
  3998 | D:3      | Killed a yak
  4080 | D:3      | Killed a yak
  4080 | D:3      | Reached skill level 5 in Fighting
  4154 | D:2      | Killed a yak
  4154 | D:2      | Reached skill level 7 in Axes
  4154 | D:2      | Reached XP level 8. HP: 62/62 MP: 8/8
  4186 | D:5      | Entered Level 5 of the Dungeon
  4673 | D:5      | Reached skill level 8 in Axes
  4719 | D:5      | Noticed Prince Ribbit
  4754 | D:5      | Killed Prince Ribbit
  5038 | D:5      | Reached XP level 9. HP: 53/69 MP: 9/9
  5178 | D:5      | Noticed Sigmund
  5186 | D:5      | Killed Sigmund
  5472 | D:5      | Noticed Menkaure
  5477 | D:5      | Killed Menkaure
  5548 | D:5      | Noticed Pikel
  5555 | D:5      | Killed Pikel
  5555 | D:5      | Reached skill level 9 in Axes
  5914 | D:6      | Reached skill level 5 in Throwing
  5986 | D:6      | Reached **** piety under Trog
  6361 | D:6      | Found a staircase to the Ecumenical Temple.
  6660 | D:7      | Reached skill level 10 in Axes
  6661 | D:7      | Noticed a troll
  6672 | D:7      | Killed a troll
  6672 | D:7      | Reached XP level 10. HP: 56/79 MP: 10/10
  8874 | D:8      | Reached XP level 11. HP: 93/93 MP: 11/11
  9471 | D:9      | Found Otexaesa's General Store.
  9726 | D:9      | Found a blossoming altar of Fedhas.
  9736 | D:9      | Found an ornate altar of the Wu Jian Council.
  9773 | D:9      | Noticed a two-headed ogre
  9785 | D:9      | Killed a two-headed ogre
  9899 | D:9      | Reached skill level 11 in Axes
  9917 | D:9      | Reached ***** piety under Trog
  9959 | D:9      | Found a bloodstained altar of Trog.
 10075 | D:9      | Found Usunoul's General Store.
 10223 | D:10     | Entered Level 10 of the Dungeon
 10223 | D:10     | Found an ancient bone altar of Kikubaaqudgha.
 10400 | D:10     | Received a gift from Trog
 10569 | D:10     | Got a steaming war axe
 10570 | D:10     | Identified the +4 war axe "Riyx Kuojeis" {flame, +Fly rPois
                  | rC+} (You found it on level 10 of the Dungeon)
 10926 | D:10     | Received a gift from Trog
 11433 | D:10     | Received a gift from Trog
 11865 | D:11     | Found a staircase to the Orcish Mines.
 11865 | D:11     | Found Niokuyc's Armour Shop.
 11890 | D:11     | Reached skill level 1 in Shields
 11925 | D:11     | Noticed a two-headed ogre
 11931 | D:11     | Killed a two-headed ogre
 12347 | D:11     | Reached XP level 12. HP: 50/102 MP: 12/12
 13115 | D:11     | Reached skill level 12 in Axes
 13571 | D:11     | Found a staircase to the Lair.
 13865 | Lair:1   | Entered Level 1 of the Lair of Beasts
 14691 | Lair:1   | Noticed an eight-headed hydra
 14705 | Lair:1   | Killed a five-headed hydra
 15422 | Lair:2   | Noticed a five-headed hydra
 15432 | Lair:2   | Killed a one-headed hydra
 15629 | Lair:2   | You fall into a shaft and drop 2 floors!
 15878 | Lair:2   | Found a runed translucent door.
 15879 | Lair:2   | Noticed Nebesus's ghost (journeyman DEGl)
 15937 | Lair:2   | Noticed an eight-headed hydra
 15947 | Lair:2   | Reached skill level 13 in Axes
 15958 | Lair:2   | Received a gift from Trog
 16047 | Lair:2   | Killed a four-headed hydra
 16130 | Lair:2   | Noticed Sonja
 16145 | Lair:2   | Killed Sonja
 16444 | Lair:2   | Found a hole to the Spider Nest.
 16883 | Lair:3   | Reached XP level 13. HP: 62/109 MP: 13/13
 17116 | Lair:3   | Received a gift from Trog
 18777 | Lair:4   | Found a staircase to the Shoals.
 18852 | Lair:4   | Reached skill level 14 in Axes
 19594 | Lair:5   | Found a staircase to the Slime Pits.
 20716 | Lair:5   | Found a large runed translucent door.
 20716 | Lair:5   | Found a large runed translucent door.
 20716 | Lair:5   | Noticed Ribudoz's ghost (journeyman GnFi)
 20798 | Lair:6   | Entered Level 6 of the Lair of Beasts
 21105 | Lair:6   | Received a gift from Trog
 21727 | Lair:6   | Reached skill level 15 in Axes
 21952 | Lair:6   | Received a gift from Trog
 23062 | Orc:1    | Entered Level 1 of the Orcish Mines
 23062 | Orc:1    | Noticed Urug
 23232 | D:11     | Killed Urug
 23289 | Orc:1    | Found Dyuruny's Antique Armour Emporium.
 23298 | Orc:1    | Noticed an ettin
 23318 | D:11     | Reached XP level 14. HP: 79/119 MP: 14/14
 23766 | Orc:1    | Killed from afar by an orc sorcerer

Levels and vault maps discovered:
D:1:      wander_arrival_lonely_grave, layout_basic
D:2:      minmay_recursive_quarters, layout_basic, lemuel_round_altar,
          nicolae_dithmenos_shadow_blocks
D:3:      layout_basic, chequers_ecumenical_altar_simple, portal_sewer_entry_a,
          uniq_terence
D:4:      layout_basic
D:5:      layout_basic, first_ration, amethyst_killhole,
          grunt_decor_mini_mirrors, minmay_diced_spiral, uniq_pikel,
          uniq_menkaure, uniq_sigmund, uniq_prince_ribbit1
D:6:      layout_rooms, minmay_temple_entry_grid, minmay_three_doors
D:7:      layout_loops_ring
D:8:      layout_loops_ring
D:9:      layout_roguey, lemuel_coloured_pillars_altar,
          amethyst_overflow_temple_binary, serial_shops,
          nicolae_shop_waterfront, kennysheep_little_box
D:10:     layout_basic, basic_altar, the_bakery, minivault_16,
          hangedman_decor_riveting, kennysheep_doodads
D:11:     layout_basic, erik_lair_dragon, orc_david_3
Lair:1:   layout_gridlike, st_stairs_9, serial_bayou_shore_b,
          lemuel_fruit_fields, grunt_megastairs_4
Lair:2:   layout_cave_pods, spider_nest_entry_rubble,
          hellmonk_ghost_happy_afterlife, disabler_island, uniq_sonja
Lair:3:   minmay_lair_oklob_tunnel, layout_regular_city,
          infiniplex_staircase_pool_2
Lair:4:   layout_regular_city, minmay_shoals_entry_lonely_mermaid,
          serial_forest, infiniplex_forest_side_room,
          infiniplex_forest_clump_diagonal, infiniplex_forest_clump_long,
          infiniplex_forest_clump_curved, infiniplex_forest_end_2,
          infiniplex_forest_3_way, infiniplex_forest_clump_tiny,
          chequers_serial_rivers_small_b
Lair:5:   layout_regular_city, nicolae_slime_entry_slimehenge,
          ebering_ghost_disaster_area, hibernation_bobbens, lemuel_fruit_tree
Lair:6:   cheibrodos_lair_end_hotspot, layout_gridlike
Orc:1:    layout_caves, serial_shops, shop_fountains, bloody_makhleb, uniq_urug

Skill      XL: |  1  2  3  4  5  6  7  8  9 10 11 12 13 |
---------------+----------------------------------------+-----
Axes           | 3 4 5 7 8 10 11 13 15 | 15.3
Fighting       | 3 4 5 6 7 11 12 13 | 13.9
Throwing       | 1 3 4 5 6 |  6.4
Shields        | 2 4 |  4.1
Armour         | |  1.5
Dodging        | |  2.1

Action                   |  1- 3 |  4- 6 |  7- 9 | 10-12 | 13-15 || total
-------------------------+-------+-------+-------+-------+-------++-------
Melee: Hand axe          |    91 |   305 |    50 |       |       ||   446
       Bite              |    13 |    43 |    47 |    91 |    63 ||   257
       War axe           |       |       |   291 |   757 |   409 ||  1457
Throw: Dart              |       |       |     4 |     9 |       ||    13
       Boomerang         |       |       |       |    77 |    59 ||   136
       Javelin           |       |       |       |     3 |       ||     3
Invok: Berserk           |     1 |     3 |    14 |    21 |    14 ||    53
       Trog's Hand       |       |     6 |    12 |    19 |     5 ||    42
       Brothers in Arms  |       |       |       |     2 |       ||     2
 Abil: Exsanguinate      |       |       |     1 |       |       ||     1
Evoke: Wand              |       |       |       |     3 |     3 ||     6
  Use: Scroll            |       |     2 |       |    15 |     6 ||    23
       Potion            |       |       |     3 |     2 |       ||     5
Armor: Animal skin       |    10 |       |       |       |       ||    10
       Scale mail        |     8 |   149 |   128 |   263 |    89 ||   637
       Skin              |       |       |    16 |    19 |       ||    35
Dodge: Dodged            |    49 |   199 |   158 |   355 |   117 ||   878
Block: Buckler           |       |       |       |    31 |    59 ||    90
